 Dungeon Crawl Stone Soup version 0.29.0-4-gdea44cf6ec (webtiles) character file.

Game seed: 14004636689416443955

47 qw the Chopper (level 3, -1/21 HPs)
             Began as a Tengu Warper on Aug 28, 2022.
             Succumbed to an adder's poison
             ... on level 2 of the Dungeon.
             The game lasted 00:00:09 (2044 turns).

qw the Chopper (Tengu Warper)                       Turns: 2044, Time: 00:00:09

Health: -1/21      AC:  3    Str: 13    XL:     3   Next: 70%
Magic:  7/7        EV: 12    Int: 13    God:
Gold:   86         SH:  0    Dex: 13    Spells: 6/6 levels left

rFire   . . .      SeeInvis .   Y - +0 hand axe
rCold   . . .      Faith    .   (no shield)
rNeg    . . .      Spirit   .   b - +0 leather armour
rPois   .          Reflect  .   (helmet restricted)
rElec   .          Harm     .   (no cloak)
rCorr   .          Rampage  .   (no gloves)
Will    .....                   (boots unavailable)
Stlth   +.........              (no amulet)
HPRegen 0.07/turn               (no ring)
MPRegen 0.10/turn               (no ring)

@: lethally poisoned (-1 -> -13), about to teleport
A: beak, talons 3
a: no special abilities


You were on level 2 of the Dungeon.
You visited 1 branch of the dungeon, and saw 2 of its levels.

You collected 86 gold pieces.


Innate Abilities, Weirdness & Mutations

You have a beak for a mouth.
You have claws for feet.


   Skills:
 - Level 2.0 Fighting
 + Level 4.3 Axes
 - Level 1.0 Throwing
 - Level 1.1 Armour
 - Level 2.1 Dodging
 - Level 2.0 Spellcasting
 - Level 2.4 Translocations


You had 6 spell levels left.
You didn't know any spells.
Your spell library contained the following spells:

 Spells                   Type           Power      Damage    Failure   Level
 Blink                    Tloc           14%        N/A       19%         2
 Gell's Gravitas          Tloc           7%         N/A       36%         3
 Lesser Beckoning         Tloc           7%         N/A       36%         3
 Teleport Other           Tloc           7%         N/A       36%         3
 Manifold Assault         Tloc           7%         N/A       98%         5

Inventory:

Hand Weapons
 k - a +4 flail of holy wrath
 Y - a +0 hand axe (weapon)
Missiles
 d - 4 boomerangs (quivered)
Armour
 b - a +0 leather armour (worn)
 h - a +2 robe of fire resistance
Scrolls
 a - a scroll of identify {unknown}
 c - a scroll of amnesia {unknown}
 g - a scroll of teleportation
Potions
 e - 2 potions of heal wounds {unknown}
 f - a potion of degeneration {unknown}
 i - a potion of curing {unknown}
 j - a potion of mutation {unknown}

Dungeon Overview and Level Annotations

Branches:
Dungeon (2/15)

Altars:


Message History

a - a scroll labelled ARUMUPR YTHRAFE An adder comes into view.
The adder hisses angrily.
Throw: 4 boomerangs
Press: ? - help, Q - select action Shift-Dir - straight line, f - adder You throw a boomerang.
The boomerang hits the adder but does no damage.
Throw: 4 boomerangs
Press: ? - help, Q - select action Shift-Dir - straight line, f/p - adder You throw a boomerang.
The boomerang barely misses the adder.
You barely miss the adder. Your kick misses the adder. The adder bites you.
You are poisoned.
The adder poisons you!
You barely miss the adder. You claw the adder.
The adder is heavily wounded.
You feel sick. The adder bites you.
You are more poisoned.
The adder poisons you! The adder closely misses you.
You miss the adder. Your peck misses the adder.
The adder is heavily wounded.
You feel sick. The adder bites you.
You are more poisoned.
The adder poisons you!
You completely miss the adder.
The adder is moderately wounded.
You feel sick. The adder barely misses you.
The adder bites you but does no damage.
You closely miss the adder.
The adder is moderately wounded.
You feel sick. The adder barely misses you.
You hit the adder. You peck the adder.
The adder is severely wounded.
You feel sick. The adder bites you. x2
You are more poisoned.
The adder poisons you!
2044 ||| READING 2 scrolls of teleportation.
As you read the scroll of teleportation, it crumbles to dust.
You feel strangely unstable.
You die...

#.# #.# #.###.### .#
##.#.....# #.# ###........#
...# ...........# ...#
###........#######...### #
##.#.......##.........
####.###.#..............#
##...##..#(..##.@S......
##.###..........#........ ..#
##...........#.###....... ..#
#######..#...##.#....#.#. #.#
..........)..###.##..#.#.###.#
#######..#...###.##..#.#..##.#
#......%.......#.##.##.#
#.##...###..%....##.##.#
#.##.#.# #.##.#..##.##.###


You could see an adder.

Vanquished Creatures
  An adder (D:2)
  3 dart slugs (D:1)
  3 endoplasms
  A giant cockroach (D:1)
  2 goblins (D:1)
  5 hobgoblins
  3 kobolds
  2 ball pythons (D:1)
  3 bats (D:1)
  5 frilled lizards
  3 rats
31 creatures vanquished.

Notes
Turn   | Place    | Note
-------+----------+-------------------------------------------
     0 | D:1      | qw the Tengu Warper began the quest for the Orb.
     0 | D:1      | Reached XP level 1. HP: 12/12 MP: 4/4
     0 | D:1      | 0 ||| qw: Version: 0.1-a-89-g26bdef1
     0 | D:1      | 0 ||| qw: Game counter: 924
     0 | D:1      | 0 ||| qw: Always use a shield: true
     0 | D:1      | 0 ||| qw: God list: Okawaru
     0 | D:1      | 0 ||| qw: Allow faded altars: false
     0 | D:1      | 0 ||| qw: Do Orc after D:15 true
     0 | D:1      | 0 ||| qw: Do second Lair branch before Depths: true
     0 | D:1      | 0 ||| qw: Lair rune preference: random
     0 | D:1      | 0 ||| qw: Plans: Normal
     0 | D:1      | 0 ||| PLANNING D:1-11
   133 | D:1      | 133 ||| Stepping ~*~*~tactically~*~*~ (stealth).
   142 | D:1      | 142 ||| Stepping ~*~*~tactically~*~*~ (stealth).
   144 | D:1      | 144 ||| Stepping ~*~*~tactically~*~*~ (stealth).
   145 | D:1      | 145 ||| Stepping ~*~*~tactically~*~*~ (stealth).
   146 | D:1      | 146 ||| Stepping ~*~*~tactically~*~*~ (stealth).
   147 | D:1      | 147 ||| Stepping ~*~*~tactically~*~*~ (stealth).
   151 | D:1      | Reached skill level 3 in Axes
   151 | D:1      | Reached XP level 2. HP: 17/17 MP: 6/6
   200 | D:1      | 200 ||| Stepping ~*~*~tactically~*~*~ (stealth).
   202 | D:1      | 202 ||| Stepping ~*~*~tactically~*~*~ (stealth).
   203 | D:1      | 203 ||| Stepping ~*~*~tactically~*~*~ (stealth).
   204 | D:1      | 204 ||| Stepping ~*~*~tactically~*~*~ (stealth).
   207 | D:1      | 207 ||| Stepping ~*~*~tactically~*~*~ (stealth).
   208 | D:1      | 208 ||| Stepping ~*~*~tactically~*~*~ (stealth).
   210 | D:1      | 210 ||| Stepping ~*~*~tactically~*~*~ (stealth).
   267 | D:1      | 267 ||| Stepping ~*~*~tactically~*~*~ (hiding).
   369 | D:1      | 369 ||| Stepping ~*~*~tactically~*~*~ (hiding).
   471 | D:1      | 471 ||| Stepping ~*~*~tactically~*~*~ (hiding).
   573 | D:1      | 573 ||| Stepping ~*~*~tactically~*~*~ (hiding).
   946 | D:1      | Reached XP level 3. HP: 21/21 MP: 7/7
  1034 | D:1      | 1034 ||| Stepping ~*~*~tactically~*~*~ (hiding).
  1136 | D:1      | 1136 ||| Stepping ~*~*~tactically~*~*~ (hiding).
  1238 | D:1      | 1238 ||| Stepping ~*~*~tactically~*~*~ (hiding).
  1242 | D:1      | 1242 ||| Stepping ~*~*~tactically~*~*~ (hiding).
  1633 | D:1      | 1633 ||| READING scroll labelled UDULUKU DUSE.
  1638 | D:1      | 1638 ||| READING scroll labelled BIGOAS LIRHOUKH.
  1639 | D:1      | 1639 ||| DROPPING scroll of blinking.
  1655 | D:2      | 1655 ||| STAIRDANCE
  1658 | D:1      | Reached skill level 4 in Axes
  1663 | D:2      | 1663 ||| DROPPING +0 club.
  1675 | D:2      | 1675 ||| Stepping ~*~*~tactically~*~*~ (stealth).
  1707 | D:2      | 1707 ||| Stepping ~*~*~tactically~*~*~ (stealth).
  1708 | D:2      | 1708 ||| Stepping ~*~*~tactically~*~*~ (stealth).
  1987 | D:2      | 1987 ||| DROPPING +0 whip.
  2043 | D:2      | HP: 3/21 [adder (3)]
  2043 | D:2      | HP: 1/21 [adder (2)]
  2044 | D:2      | 2044 ||| READING 2 scrolls of teleportation.
  2044 | D:2      | Succumbed to an adder's poison

Levels and vault maps discovered:
D:1:      evilmike_arrival_crescent, layout_basic, minmay_tetromino_o4
D:2:      layout_loops_ring

Skill      XL: |  1  2  3 |
---------------+----------+-----
Axes           | 3 4 |  4.3
Fighting       | |  2.0
Throwing       | |  1.0
Armour         | |  1.1
Dodging        | |  2.1
Spellcasting   | |  2.0
Translocations | |  2.4

Action                   || total
-------------------------++-------
Melee: Hand axe          ||    68
       Kick              ||    13
       Peck              ||     7
Throw: Boomerang         ||    19
  Use: Scroll            ||     3
Armor: Leather armour    ||    10
Dodge: Dodged            ||    42

Table legend:
 A = Non-vault XP
 B = Vault XP
 C = Vault XP percentage of total XP
 D = Non-vault monster count
 E = Vault monster count
 F = Vault count percentage of total count
                 A         B        C        D         E       F
            +---------+---------+-------+---------+---------+-------
      Total |      63 |       5 |   7.4 |      28 |       3 |   9.7
            +---------+---------+-------+---------+---------+-------
        D:1 |      40 |       5 |  11.1 |      21 |       3 |  12.5
        D:2 |      23 |       0 |   0.0 |       7 |       0 |   0.0
            +---------+---------+-------+---------+---------+-------
